 Dungeon Crawl Stone Soup version 0.29.0-10-g45618ea6d2 (webtiles) character file.

Game seed: 17487114720969162335

91 Flugkiller the Trooper (level 4, -3/41 HPs)
             Began as a Minotaur Fighter on Sept 1, 2022.
             Killed from afar by an orc wizard (8 damage)
             ... with a puff of flame
             ... on level 3 of the Dungeon.
             The game lasted 00:00:48 (2288 turns).

Flugkiller the Trooper (Minotaur Fighter)           Turns: 2288, Time: 00:00:49

Health: -3/41      AC:  7    Str: 21    XL:     4   Next: 33%
Magic:  3/3        EV:  9    Int:  5    God:
Gold:   69         SH:  4    Dex: 11    Spells: 3/3 levels left

rFire   . . .      SeeInvis .   a - +0 war axe
rCold   . . .      Faith    .   c - +0 buckler
rNeg    . . .      Spirit   .   b - +0 scale mail
rPois   .          Reflect  .   (helmet restricted)
rElec   .          Harm     .   (no cloak)
rCorr   .          Rampage  .   (no gloves)
Will    .....                   (no boots)
Stlth   ..........              (no amulet)
HPRegen 0.13/turn               (no ring)
MPRegen 0.08/turn               (no ring)

@: hasted, very quick
A: horns 2, retaliatory headbutt
a: no special abilities


You were on level 3 of the Dungeon.
You visited 1 branch of the dungeon, and saw 3 of its levels.

You collected 69 gold pieces.

Inventory:

Hand Weapons
 a - a +0 war axe (weapon)
Armour
 b - a +0 scale mail (worn)
 c - a +0 buckler (worn)
Scrolls
 j - a scroll of enchant weapon {unknown}
 k - 2 scrolls of identify {unknown}
 m - a scroll of teleportation {unknown}
 p - a scroll of poison {unknown}
Potions
 d - a potion of might
 e - 2 potions of curing {unknown}
 f - 2 potions of flight {unknown}
 g - a potion of lignification {unknown}
 h - a potion of haste
 i - a potion of degeneration {unknown}
 l - a potion of resistance {unknown}
 n - a potion of mutation {unknown}
 o - a potion of berserk rage {unknown}


   Skills:
 + Level 4.4 Fighting
 * Level 4.3 Axes
 + Level 4.3 Armour
 - Level 3.6 Shields


You had 3 spell levels left.
You didn't know any spells.
Your spell library was empty.

Dungeon Overview and Level Annotations

Branches:
Dungeon (3/15)

Altars:


Innate Abilities, Weirdness & Mutations

You have a pair of horns on your head.
You reflexively headbutt those who attack you in melee.


Message History

No target in view!
No target in view!
No target in view!
HP restored.
Things that are here:
a +0 whip of electrocution; a stone; a kobold corpse You open the door.
A giant cockroach comes into view.
A giant cockroach is nearby!
A giant cockroach is nearby!
There is an open door here.
The giant cockroach bites you.
You hit the giant cockroach but do no damage.
Your headbutt misses the giant cockroach.
You block the giant cockroach's attack.
The giant cockroach bites you but does no damage.
You slash the giant cockroach!
You kill the giant cockroach!
No target in view!
No target in view!
No target in view!
You open the door.
Found a stone staircase leading down.
You open the door.
There is an open door here.
h - 2 red potions (gained 1)
Found a ring mail.
Found a leather armour.
An endoplasm comes into view.
The endoplasm quivers.
The endoplasm closely misses you.
You slash the endoplasm!
You kill the endoplasm!
No target in view!
No target in view!
No target in view!
No target in view!
No target in view!
An orc comes into view. It is wielding a +0 hand axe.
The orc shouts!
You hear a shout!
An orc is nearby!
An orc is nearby!
An orc is nearby!
An orc comes into view. It is wielding a +0 hand axe.
The orc shouts!
An orc wizard comes into view. It is wielding a +0 dagger.
An orc comes into view. It is wielding a +0 trident.
The orc shouts!
The orc wizard shouts!
The orc hits you but does no damage.
You barely miss the orc. You headbutt the orc.
You kill the orc!
You slash the orc!
You kill the orc!
The orc wizard casts a spell.
The orc wizard flickers and vanishes!
Deactivating autopickup; reactivate with Ctrl-A.
Things that are here:
a +0 hand axe; a +0 hand axe; an orc corpse The orc barely misses you.
You barely miss the orc. The orc hits you with a +0 trident!
You slash the orc!
You kill the orc!
No target in view!
No target in view!
No target in view!
No target in view!
No target in view!
No target in view!
No target in view!
No target in view!
There is a strange disturbance nearby!
There is a strange disturbance nearby!
You closely miss something. Your headbutt misses something.
Something hits you. x2
You barely miss something.
You hear some strange, mumbled words.
A puff of flame appears from out of thin air!
The puff of flame hits you!
You closely miss something. Something hits you but does no damage.
You miss something. Something hits you.
You closely miss something. Something hits you but does no damage.
Something hits you.
You hit something. Something hits you but does no damage.
You closely miss something. Something completely misses you.
You miss something. Your headbutt misses something.
You hear some strange, mumbled words.
A puff of flame appears from out of thin air!
The puff of flame hits you!
* * * LOW HITPOINT WARNING * * *
Something hits you.
* * * LOW HITPOINT WARNING * * *
You miss something. Your headbutt misses something.
Something hits you but does no damage.
You miss something. Something hits you but does no damage.
You barely miss something.
Something hits you but does no damage. x2
It was a potion of haste.
You feel yourself speed up.
h - a potion of haste;
e - 2 red potions You hear some strange, mumbled words.
A puff of flame appears from out of thin air!
The puff of flame hits you!
You die...

### #.# .......#
#...#.# .......+
+...'.. [......#
#...#.# .......#
#...#{# # .....#
#...#@# .# ...#
#...#)###.#
#.###..[#.....###
#................
#.##.............
#.##.............
#.##.............
###+##
#.##..........###
.....#
#.##..........#


There were no monsters in sight!

Vanquished Creatures
  An adder (D:2)
  3 dart slugs
  3 orcs (D:3)
  3 ball pythons
  5 bats
  5 endoplasms
  A giant cockroach (D:3)
  6 goblins
  A hobgoblin (D:2)
  10 jackals (D:1)
  3 kobolds
  7 quokkas
  12 frilled lizards (D:1)
  5 rats
65 creatures vanquished.

Vanquished Creatures (others)
  10 plants (D:1)
10 creatures vanquished.

Grand Total: 75 creatures vanquished

Notes
Turn   | Place    | Note
-------+----------+-------------------------------------------
     0 | D:1      | Flugkiller the Minotaur Fighter began the quest for the
                  | Orb.
     0 | D:1      | Reached XP level 1. HP: 19/19 MP: 0/0
   245 | D:1      | Reached XP level 2. HP: 27/27 MP: 1/1
   320 | D:1      | Found a faded altar of an unknown god.
   474 | D:1      | Reached XP level 3. HP: 21/33 MP: 2/2
  1457 | D:2      | Reached XP level 4. HP: 27/41 MP: 3/3
  2288 | D:3      | Killed from afar by an orc wizard

Illustrated notes

Levels and vault maps discovered:
D:1:      amcnicky_arrival_choice, layout_loops_corners,
          hellmonk_ecumenical_altar_run_dry, serial_bayou_ford_a,
          minmay_misc_feat_four_crosses, minmay_lizard_king
D:2:      layout_basic
D:3:      minmay_bubble_buster, layout_basic, grunt_decor_one_mirror

Skill      XL: |  1  2  3 |
---------------+----------+-----
Axes           | 3 4 |  4.3
Fighting       | 4 |  4.4
Armour         | 4 |  4.3
Shields        | |  3.6

Action                   |  1- 3 |  4- 6 || total
-------------------------+-------+-------++-------
Melee: War axe           |    88 |    29 ||   117
       Headbutt          |    12 |     5 ||    17
  Use: Potion            |       |     1 ||     1
Armor: Scale mail        |    46 |    14 ||    60
Dodge: Dodged            |    47 |     9 ||    56
Block: Buckler           |    28 |     2 ||    30
